 Dungeon Crawl Stone Soup version 0.32-a0-995-gb4a59205af (webtiles) character file.

Game seed: 2367262554403261290

98 holysushi the Cutter (level 4, -2/35 HPs)
             Began as a Coglin Chaos Knight on Apr 22, 2024.
             Was an Initiate of Gozag.
             Slain by Crazy Yiuf
             ... wielding a +3 quarterstaff of chaos
              (18 damage)
             ... on level 3 of the Dungeon.
             The game lasted 00:02:44 (2965 turns).

holysushi the Cutter (Coglin Chaos Knight)          Turns: 2965, Time: 00:02:44

Health: -2/35      AC:  5    Str: 13    XL:     4   Next: 71%
Magic:  4/4        EV: 11    Int: 11    God:    Gozag
Gold:   128        SH:  0    Dex: 15    Spells: 3/3 levels left

rFire   . . .        a - +0 short sword (chaos) {Deepnoor}
rCold   . . .        d - +0 dagger {Olga}
rNeg    . . .        b - +2 leather armour
rPois   .            (no helmet)
rElec   .            (no cloak)
rCorr   .            (no gloves)
SInv    .            (no boots)
Will    .....        (amulet unavailable)
Stlth   +            (ring unavailable)
HPRegen 0.25/turn    (ring unavailable)
MPRegen 0.09/turn    (no gizmo)

%: no passive effects
@: revved
A: off-hand wielding, slow wielding, warmup strikes, no jewellery
a: Invent Gizmo, Renounce Religion, Potion Petition, Call Merchant, Bribe Branch


You were on level 3 of the Dungeon.
You worshipped Gozag.
Gozag was aware of your devotion.
You visited 1 branch of the dungeon, and saw 3 of its levels.

You collected 171 gold pieces.
You paid 43 gold pieces to Gozag.

Inventory:

Hand Weapons
 a - a +0 short sword of chaos (weapon) {Deepnoor}
 d - a +0 dagger (offhand) {Olga}
Armour
 b - a +2 leather armour (worn)
Scrolls
 c - a scroll of butterflies
 g - 2 scrolls of identify {unknown}
 j - a scroll of immolation {unknown}
 k - 2 scrolls of poison {unknown}
 l - 4 scrolls of silence {unknown}
 o - a scroll of vulnerability {unknown}
Potions
 e - 3 potions of mutation {unknown}
 f - a potion of might {unknown}
 h - a potion of curing {unknown}
 i - a potion of haste {unknown}
 m - a potion of attraction {unknown}
 n - a potion of ambrosia {unknown}
 p - a potion of berserk rage {unknown}
 q - a potion of degeneration {unknown}


   Skills:
 - Level 3.0 Fighting
 + Level 4.4 Short Blades
 - Level 1.7 Armour
 + Level 1.8 Dodging


You had 3 spell levels left.
You didn't know any spells.
Your spell library contained the following spells:

 Spells                   Type           Power      Damage    Failure   Level
 Sandblast                Erth           0%         2d4       41%         1
 Call Canine Familiar     Summ           0%         N/A       80%         3
 Passwall                 Erth           0%         N/A       80%         3
 Sigil of Binding         Hex            0%         N/A       80%         3
 Stone Arrow              Conj/Erth      0%         3d7       80%         3
 Dimensional Bullseye     Hex/Tloc       0%         N/A       99%         4
 Summon Forest            Summ/Tloc      0%         N/A       100%        5
 Summon Mana Viper        Hex/Summ       0%         N/A       100%        5
 Summon Cactus Giant      Summ           0%         N/A       100%        6


Dungeon Overview and Level Annotations

Branches:
Dungeon (3/15) Zot: 15077

Altars:
Gozag
Makhleb

Shops:
D:2 =

Annotations:
D:3 Crazy Yiuf


Innate Abilities, Weirdness & Mutations

You can wield a second weapon in your off-hand.
It takes a long time for you to wield or remove held weapons.
Your first few attacks do less damage.
You cannot equip rings or amulets.


Message History

There is an open door here.
You see here a +0 hammer.
Crazy Yiuf screams, "Powder pizzabubble water!"
Could not explore, unopened runed door.
Could not explore, unopened runed door.
Could not explore, unopened runed door.
Press: ? - help, v - describe, . - travel
Here: Crazy Yiuf, wielding a +3 quarterstaff of chaos and wearing a +2 cloak of willpower (fire blocked by a runed translucent door)
The floor.
Unknown command.
You open the door. You hit Crazy Yiuf but do no damage.
You barely miss Crazy Yiuf with your +0 short sword of chaos.
Crazy Yiuf closely misses you.
You barely miss Crazy Yiuf with your +0 dagger.
You hit Crazy Yiuf with your +0 short sword of chaos.
You burn Crazy Yiuf.
Crazy Yiuf waves his quarterstaff at you.
Crazy Yiuf closely misses you.
You hit Crazy Yiuf but do no damage.
Crazy Yiuf is moderately wounded.
You hit Crazy Yiuf with your +0 short sword of chaos.
Crazy Yiuf flies into a frenzy!
Crazy Yiuf barely misses you.
You completely miss Crazy Yiuf with your +0 short sword of chaos.
Crazy Yiuf is heavily wounded.
You hit Crazy Yiuf with your +0 dagger. Crazy Yiuf barely misses you.
You hit Crazy Yiuf but do no damage.
Crazy Yiuf is severely wounded.
You hit Crazy Yiuf with your +0 short sword of chaos.
You freeze Crazy Yiuf.
Crazy Yiuf hits you with a +3 quarterstaff of chaos!
Crazy Yiuf freezes you.
You hit Crazy Yiuf with your +0 short sword of chaos.
You feel better.
Crazy Yiuf is almost dead.
You hit Crazy Yiuf but do no damage.
Crazy Yiuf hits you with a +3 quarterstaff of chaos!!
Ouch! That really hurt!
You die...
Your body crumbles into a pile of gold.

####.......#######.#.#
#.
#.'.......+.......#.#
#.
####.......#########.#
#. .........### ### #.
####.##### #. #<#.# #.
##.#.# ### ♣♣#### #.
...#.# #)..#♣♣
♣♣....######. ####.#
#...g@♣♣♣♣............
#.#
#÷..#♣..♣.)....#######
#.# ### ♣♣♣.♣...)##
#.# ♣♣♣♣♣### #.#
####.# .....# ####.#
#.#


You could see the neutral Crazy Yiuf (fast, strong, frenzied).

Vanquished Creatures
  A gnoll (D:1)
  A dart slug (D:1)
  4 ribbon worms
  9 orcs
  5 ball pythons
  3 endoplasms
  4 giant cockroaches
  4 hobgoblins
  8 jackals (D:1)
  7 kobolds
  6 quokkas
  3 bats
  2 frilled lizards
  6 rats
63 creatures vanquished.

Notes
Turn   | Place    | Note
-------+----------+-------------------------------------------
     0 | D:1      | holysushi the Coglin Chaos Knight began the quest for the
                  | Orb.
     0 | D:1      | Reached XP level 1. HP: 18/18 MP: 1/1
    70 | D:1      | XOM: silly message
   112 | D:1      | Reached skill level 3 in Short Blades
   164 | D:1      | Reached XP level 2. HP: 20/24 MP: 2/2
   372 | D:1      | Reached XP level 3. HP: 29/29 MP: 3/3
   550 | D:1      | Reached skill level 4 in Short Blades
   552 | D:1      | XOM: noise
   720 | D:1      | XOM: divination: detect creatures
   740 | D:1      | XOM: silly message
  1076 | D:2      | XOM: silly message
  1125 | D:2      | Reached skill level 1 in Dodging
  1309 | D:2      | Reached XP level 4. HP: 35/35 MP: 4/4
  1316 | D:2      | Found Niuzont's Jewellery Boutique.
  1801 | D:3      | Found a burning altar of Makhleb.
  1801 | D:3      | Noticed a cacodemon
  1804 | D:3      | Noticed an orange demon
  1804 | D:3      | Noticed a smoke demon
  1853 | D:3      | XOM: summons 1 hostile demon
  2196 | D:3      | HP: 1/35 [orc/+0 dagger (3)]
  2396 | D:3      | Found an opulent altar of Gozag.
  2500 | D:3      | Fell from the grace of Xom
  2500 | D:3      | Became a worshipper of Gozag Ym Sagoz the Greedy
  2662 | D:3      | XOM: summons 2 hostile shadow creatures
  2864 | D:3      | Found a runed translucent door.
  2865 | D:3      | Noticed Crazy Yiuf
  2965 | D:3      | Slain by Crazy Yiuf

Illustrated notes

Levels and vault maps discovered:
D:1:      dpeg_chamrin_arrival_tetris, layout_basic, nicolae_titane
D:2:      layout_loops_cross, serial_shops, shop, grunt_ministairs_13,
          minmay_vboxes
D:3:      layout_basic, mainiacjoe_overflow_chevrons, makhleb_altar_promises_db,
          grunt_decor_arrowhead, uniq_crazy_yiuf_cottage

Skill      XL: |  1  2  3 |
---------------+----------+-----
Short Blades   | 3 4 |  4.4
Dodging        | 1 |  1.8
Fighting       | |  3.0
Armour         | |  1.7

Action                     |  1- 3 |  4- 6 || total
---------------------------+-------+-------++-------
  Melee: Dagger            |   105 |    84 ||   189
         Short sword       |   111 |    87 ||   198
   Stab: Confused          |     1 |       ||     1
         Sleeping          |     1 |     2 ||     3
 Armour: Leather armour    |    93 |    49 ||   142
  Dodge: Dodged            |    78 |    45 ||   123

Table legend: (Time is in decaauts)
 A = Elapsed time spent in this place.
 B = Non-inter-level travel time spent in this place.
 C = Inter-level travel time spent in this place.
 D = Time resting spent in this place.
 E = Time spent auto-exploring this place.
 F = Levels seen in this place.
 G = Mean time per level.
                   A        B        C        D        E       F      G
               +--------+--------+--------+--------+--------+-----+--------+
         Total |   2921 |   2854 |     67 |    295 |   2061 |   3 |  973.7 |
       Dungeon |   2921 |   2854 |     67 |    295 |   2061 |   3 |  973.7 |
               +--------+--------+--------+--------+--------+-----+--------+

Top non-repeatable levels by time:
     D:3: 1196 daAuts
     D:1: 1008 daAuts
     D:2: 716 daAuts
